 Dungeon Crawl Stone Soup version 0.22.1-1-ga44c0e5 (webtiles) character file.

35340 Lavandula the Severer (level 13, -7/102 HPs)
             Began as a Centaur Berserker on Oct 28, 2018.
             Was a High Priest of Trog.
             Mangled by a komodo dragon (10 damage)
             ... on level 2 of the Lair of Beasts.
             The game lasted 00:37:45 (6820 turns).

Lavandula the Severer (Centaur Berserker)           Turns: 6820, Time: 00:37:45

Health: -7/102     AC: 19    Str: 29    XL:     13   Next: 47%
Magic:  15/15      EV:  1    Int:  6    God:    Trog [*****.]
Gold:   102        SH:  0    Dex: 11    Spells: 12/12 levels left

rFire    . . .     SeeInvis +   Y - +4 broad axe (chop)
rCold    . . .     Gourm    .   q - +0 buckler
rNeg     + + +     Faith    .   T - +0 troll leather armour
rPois    ∞         Spirit   .   h - +2 helmet of Foolhardiness {rPois}
rElec    .         Reflect  .   a - +2 cloak {rPois}
rCorr    .         Harm     .   p - +0 pair of gloves
MR       ++...                  v - +2 centaur barding
Stlth    +.........             (no amulet)
HPRegen  1.67/turn              A - +6 ring of strength
MPRegen  0.14/turn              R - ring of see invisible

@: petrified, regenerating, very quick
A: large, hooves 3, deformed body, speed 2, tough skin 3
a: Berserk, Trog's Hand, Brothers in Arms, Renounce Religion


You were on level 2 of the Lair of Beasts.
You worshipped Trog.
Trog was extremely pleased with you.
You were not hungry.

You visited 3 branches of the dungeon, and saw 16 of its levels.
You also visited: Sewer, Ossuary and Ice Cave.

You collected 2194 gold pieces.
You spent 2092 gold pieces at shops.

Inventory:

Hand Weapons
 J - a +3 spear of flaming
 K - a +0 hunting sling of freezing
 P - a +0 battleaxe
 Y - a +4 broad axe of chopping (weapon)
Missiles
 f - 41 sling bullets
 t - 2 javelins (quivered)
 Q - 4 throwing nets
Armour
 a - a +2 cloak of poison resistance (worn)
 h - the +2 helmet of Foolhardiness (worn) {rPois}
   (You bought it in a shop on level 2 of the Orcish Mines)

   It protects you from poison.
 p - a +0 pair of gloves (worn)
 q - a +0 buckler (worn)
 r - a +1 centaur barding of stealth
 v - a +2 centaur barding (worn)
 E - a +0 ring mail of cold resistance
 T - a +0 troll leather armour (worn)
Jewellery
 s - an uncursed ring of protection from fire
 y - a +5 ring of protection
 A - a +6 ring of strength (left hand)
 L - the ring "Mauc" {rC+ rN+ MR+ Dex-3}
   (You found it in an ice cave)

   [ring of positive energy]

   It affects your dexterity (-3).
   It protects you from cold.
   It protects you from negative energy.
   It affects your resistance to hostile enchantments.
 O - an uncursed ring of protection from fire
 R - a ring of see invisible (right hand)
Wands
 x - a wand of acid (4)
 M - a wand of flame (12)
 N - a wand of paralysis (17)
 V - a wand of polymorph (13)
Scrolls
 d - 4 scrolls of remove curse
 i - 2 scrolls of amnesia
 j - a scroll of blinking
 n - 5 scrolls of teleportation
 o - 4 scrolls of fear
 D - a scroll of enchant weapon
 H - a scroll of noise
 U - 3 scrolls of enchant armour {unknown}
 X - a scroll of summoning {unknown}
Potions
 b - 3 potions of mutation {unknown}
 e - 5 potions of lignification
 g - 3 potions of haste
 k - a potion of flight
 l - 2 potions of invisibility
 m - a potion of agility
 w - a potion of magic {unknown}
 z - 4 potions of curing
 B - 3 potions of heal wounds {unknown}
 F - a potion of brilliance {unknown}
 G - a potion of berserk rage {unknown}
Comestibles
 c - 11 rations


   Skills:
 + Level 6.2 Fighting
 - Level 16.5 Axes
 - Level 4.3 Throwing
 - Level 3.0 Armour
 - Level 7.0 Dodging
 - Level 4.6 Shields
 - Level 3.1 Evocations


You had 12 spell levels left.
You didn't know any spells.
Your spell library contained the following spells:

 Spells                   Type           Power        Failure   Level  Hunger
 Corona                   Hex            #......      50%         1    ##.....
 Ensorcelled Hibernation  Hex/Ice        #.....       63%         2    ###....
 Confuse                  Hex            #.......     86%         3    ####...
 Dazzling Spray           Conj/Hex       #.....       86%         3    ####...
 Tukima's Dance           Hex            #.......     86%         3    ####...


Dungeon Overview and Level Annotations

Branches:
Dungeon (12/15)            Temple (0/1) D:7            Lair (2/6) D:9
    Orc (2/2) D:11            Elf (0/3) Orc:2
  Swamp: Lair:2-4    Shoals: Lair:2-4     Snake: Lair:2-4    Spider: Lair:2-4

Altars:
Elyvilon
Kikubaaqudgha
Okawaru
Sif Muna
Xom
Zin
Beogh

Shops:
Orc:1 [   Orc:2 ?%=[%


Innate Abilities, Weirdness & Mutations

You have hooves in place of feet.
Armour fits poorly on your strangely shaped body.
You cover ground very quickly.
You have extremely tough skin. (AC +3)


Message History

The komodo dragon bites you!!
The basilisk bites you but does no damage.
The komodo dragon bites you!!
* * * LOW HITPOINT WARNING * * *
The iguana bites you.
* * * LOW HITPOINT WARNING * * *
The komodo dragon bites you.
* * * LOW HITPOINT WARNING * * *
The komodo dragon bites you but does no damage.
The basilisk gazes at you. You resist with almost no effort.
The iguana bites you.
* * * LOW HITPOINT WARNING * * *
The komodo dragon bites you!
* * * LOW HITPOINT WARNING * * *
The komodo dragon bites you!!
* * * LOW HITPOINT WARNING * * *
The komodo dragon bites you but does no damage.
The basilisk bites you but does no damage.
The komodo dragon bites you!!
You die...

###.#...######.##.!....##..#...P
#...................P..#..####.#
#..#..####P##............## ##
P. ##.†..########.###...##
#...†..##?$!.####..#)#
#..###...##......##.P##
#.........#..l....#.##
##........##lll.###.####
###........l@l.##....P####
#)..##.##.....##P.P..##..#
#####..####.###......##..##
.....P.###..P......#...##
.PP###PP....P..P.........## P###
##....P.PP.P#........#
#....†...............
##.....###.##........ #.....##
#####.......


You could see 3 komodo dragons, a basilisk and 2 iguanas.

Vanquished Creatures
  An orc warlord (D:11)
  Snorg (D:10)
  2 ice dragons (IceCv)
  Harold (D:8)
  A hydra (Lair:2)
  Erica (D:10)
  15 two-headed ogres
  4 ogre magi (Orc:2)
  An unseen horror (D:11)
  Pikel (D:5)
  2 orc sorcerers
  An orc knight (Orc:2)
  3 cyclopes
  A black mamba (Lair:2)
  2 ice statues (IceCv)
  2 rime drakes (IceCv)
  2 spiny frogs (Lair:1)
  A komodo dragon (Lair:2)
  2 trolls
  A hornet (D:8)
  Prince Ribbit (D:5)
  3 hippogriffs
  5 yaks (Lair:2)
  3 basilisks (Lair:2)
  A hungry ghost (D:11)
  Menkaure (D:6)
  2 wargs
  Duvessa (D:6)
  14 orc warriors
  A sky beast (D:7)
  A slave (D:5)
  An eye of draining (D:11)
  23 ice beasts
  A black bear (D:7)
  22 ogres
  2 phantoms (D:11)
  2 centaurs
  2 big kobolds
  A crocodile (Lair:2)
  8 bullfrogs
  4 elf skeletons (D:7)
  A water moccasin skeleton (D:6)
  2 scorpions
  Dowan (D:6)
  A troll zombie (D:11)
  6 killer bees (D:11)
  5 wights (D:9)
  A howler monkey (D:11)
  4 crimson imps
  A bullfrog zombie (D:8)
  5 jellies
  11 orc wizards
  A quasit (D:6)
  A human skeleton (D:7)
  10 orc priests
  2 bullfrog skeletons
  Ijyb (D:5)
  4 iguanas
  7 worker ants
  4 big kobold zombies (Ossuary)
  7 ogre zombies (D:11)
  A hound zombie (D:5)
  A hound skeleton (D:4)
  2 mummies (Ossuary)
  A worker ant zombie (D:5)
  9 gnolls
  7 adders
  2 shadow imps (D:5)
  7 oozes
  6 adder zombies (Ossuary)
  An adder skeleton (D:5)
  5 worms
  A dart slug (D:1)
  6 leopard geckos
  31 orcs
  8 giant cockroaches
  A hobgoblin (D:3)
  15 jackals
  13 kobolds
  5 quokkas
  A ball python (Sewer)
  6 bats
  4 frilled lizards
  A giant cockroach zombie (D:5)
  5 goblins
  A goblin skeleton (D:11)
  A goblin zombie (D:11)
  A hobgoblin skeleton (D:11)
  13 hobgoblin zombies
  7 kobold zombies (Ossuary)
  5 orc skeletons
  17 orc zombies
  2 quokka skeletons
  3 rats
408 creatures vanquished.

Vanquished Creatures (others)
  A sky beast (D:5)
  A slave (D:5)
  A shadow imp (D:5)
  A quokka (D:4)
  A ball python (D:5)
  A plant (Lair:2)
6 creatures vanquished.

Grand Total: 414 creatures vanquished

Notes
Turn   | Place    | Note
-------+----------+-------------------------------------------
     0 | D:1      | Lavandula the Centaur Berserker began the quest for the
                  | Orb.
     0 | D:1      | Reached XP level 1. HP: 19/19 MP: 1/1
    33 | D:1      | Reached skill level 3 in Axes
   161 | D:1      | Reached XP level 2. HP: 11/26 MP: 2/2
   258 | D:4      | Found a deep blue altar of Sif Muna.
   275 | D:4      | Found a white marble altar of Elyvilon.
   300 | D:4      | Reached skill level 4 in Axes
   300 | D:4      | Reached XP level 3. HP: 22/31 MP: 3/3
   394 | D:4      | Reached XP level 4. HP: 35/38 MP: 4/4
   425 | D:4      | Found a glowing drain.
   434 | Sewer    | Entered a sewer
   440 | Sewer    | Reached ** piety under Trog
   681 | Sewer    | Reached skill level 5 in Axes
   853 | D:5      | Entered Level 5 of the Dungeon
   853 | D:5      | Noticed a slave
   854 | D:5      | Noticed a slave
   854 | D:5      | Noticed a slave
   873 | D:5      | Reached XP level 5. HP: 45/45 MP: 5/5
   903 | D:5      | Noticed Ijyb
   904 | D:5      | Noticed Pikel
   905 | D:5      | Noticed a slave
   911 | D:5      | Killed Ijyb
   911 | D:5      | Reached skill level 1 in Shields
   917 | D:5      | Killed a slave
   919 | D:5      | Killed Pikel
   919 | D:5      | Reached XP level 6. HP: 44/51 MP: 6/6
   919 | D:5      | Reached XP level 7. HP: 49/57 MP: 7/7
   959 | D:6      | Noticed a two-headed ogre
   967 | D:6      | Killed a two-headed ogre
   967 | D:6      | Reached skill level 7 in Axes
   967 | D:6      | Reached XP level 8. HP: 49/63 MP: 8/8
   993 | D:5      | Reached skill level 8 in Axes
  1017 | D:5      | Noticed Prince Ribbit
  1034 | D:5      | Killed Prince Ribbit
  1034 | D:5      | Reached *** piety under Trog
  1430 | D:6      | Noticed Menkaure
  1435 | D:6      | Killed Menkaure
  1596 | D:7      | Reached XP level 9. HP: 49/69 MP: 11/11
  1621 | D:7      | Found a staircase to the Ecumenical Temple.
  1658 | D:7      | Reached skill level 9 in Axes
  1689 | D:7      | Reached **** piety under Trog
  1768 | D:7      | Found a sand-covered staircase.
  1776 | Ossuary  | Entered an ossuary
  1982 | D:6      | Noticed Dowan
  1983 | D:6      | Noticed Duvessa
  1991 | D:6      | Killed Dowan
  1991 | D:6      | Reached skill level 10 in Axes
  1992 | D:6      | Killed Duvessa
  2116 | D:6      | Found an ancient bone altar of Kikubaaqudgha.
  2137 | D:6      | Found a shimmering altar of Xom.
  2486 | D:8      | Reached skill level 1 in Throwing
  2514 | D:8      | Paralysed by a hornet for 1 turns
  2688 | D:8      | Noticed Harold
  2702 | D:8      | Killed Harold
  2702 | D:8      | Reached skill level 11 in Axes
  2702 | D:8      | Reached XP level 10. HP: 60/77 MP: 12/12
  2865 | D:9      | Found a staircase to the Lair.
  2870 | Lair:1   | Entered Level 1 of the Lair of Beasts
  2870 | Lair:1   | Noticed a spiny frog
  2874 | Lair:1   | Killed a spiny frog
  2904 | Lair:1   | Noticed a spiny frog
  2935 | Lair:1   | Found a frozen archway.
  2944 | Lair:1   | Killed a spiny frog
  2944 | Lair:1   | Reached skill level 12 in Axes
  2994 | IceCv    | Entered an ice cave
  3151 | IceCv    | Noticed an ice statue
  3159 | IceCv    | Reached ***** piety under Trog
  3159 | IceCv    | Reached skill level 5 in Fighting
  3258 | IceCv    | Noticed an ice statue
  3365 | IceCv    | Killed an ice statue
  3417 | IceCv    | Killed an ice statue
  3417 | IceCv    | Reached XP level 11. HP: 88/88 MP: 13/13
  3466 | IceCv    | Noticed an ice dragon
  3466 | IceCv    | Noticed an ice dragon
  3481 | IceCv    | Killed an ice dragon
  3481 | IceCv    | Killed an ice dragon
  3563 | IceCv    | Got a twitching silver ring
  3569 | IceCv    | Identified the ring "Mauc" {rC+ rN+ MR+ Dex-3} (You found
                  | it in an ice cave)
  3767 | D:9      | Found an iron altar of Okawaru.
  3789 | D:9      | Reached skill level 13 in Axes
  3865 | D:10     | Entered Level 10 of the Dungeon
  4163 | D:10     | Noticed Snorg
  4175 | D:10     | Killed Snorg
  4261 | D:10     | Noticed Erica
  4271 | D:10     | Killed Erica
  4515 | D:11     | Found a staircase to the Orcish Mines.
  4520 | D:11     | Received a gift from Trog
  4553 | D:11     | Reached skill level 14 in Axes
  4671 | Orc:1    | Entered Level 1 of the Orcish Mines
  4674 | Orc:1    | Noticed an orc sorcerer
  4686 | Orc:1    | Killed an orc sorcerer
  4696 | Orc:1    | Noticed an orc warlord
  4762 | D:11     | Killed an orc warlord
  4762 | D:11     | Reached XP level 12. HP: 71/94 MP: 14/14
  4879 | D:11     | Reached skill level 15 in Axes
  5081 | Orc:1    | Found Hotenefi's Antique Armour Shoppe.
  5090 | Orc:1    | Bought a glowing cloak for 240 gold pieces
  5201 | Orc:1    | Found a roughly hewn altar of Beogh.
  5459 | Orc:2    | Entered Level 2 of the Orcish Mines
  5466 | Orc:2    | Noticed a two-headed ogre
  5466 | Orc:2    | Noticed a two-headed ogre
  5466 | Orc:2    | Noticed a two-headed ogre
  5466 | Orc:2    | Noticed a two-headed ogre
  5466 | Orc:2    | Noticed a two-headed ogre
  5467 | Orc:2    | Noticed a two-headed ogre
  5467 | Orc:2    | Noticed a two-headed ogre
  5467 | Orc:2    | Noticed an ogre mage
  5467 | Orc:2    | Noticed an ogre mage
  5482 | Orc:2    | Killed a two-headed ogre
  5482 | Orc:2    | Killed a two-headed ogre
  5482 | Orc:2    | Killed a two-headed ogre
  5482 | Orc:2    | Killed a two-headed ogre
  5482 | Orc:2    | Killed an ogre mage
  5482 | Orc:2    | Killed an ogre mage
  5482 | Orc:2    | Killed a two-headed ogre
  5482 | Orc:2    | Received a gift from Trog
  5482 | Orc:2    | Reached skill level 16 in Axes
  5484 | Orc:2    | Killed a two-headed ogre
  5484 | Orc:2    | Killed a two-headed ogre
  5513 | Orc:2    | Noticed a two-headed ogre
  5514 | Orc:2    | Noticed a two-headed ogre
  5517 | Orc:2    | Noticed a two-headed ogre
  5571 | Orc:2    | Noticed an ogre mage
  5575 | Orc:2    | Noticed an ogre mage
  5581 | Orc:2    | Killed a two-headed ogre
  5581 | Orc:2    | Killed a two-headed ogre
  5581 | Orc:2    | Killed a two-headed ogre
  5634 | Orc:2    | Received a gift from Trog
  5638 | Orc:2    | Killed an ogre mage
  5638 | Orc:2    | Reached XP level 13. HP: 101/101 MP: 15/15
  5709 | Orc:1    | Reached skill level 5 in Dodging
  5838 | Orc:2    | Found Gyplib's Jewellery Shoppe.
  5838 | Orc:2    | Found Ineitekk's Magic Scroll Shop.
  5839 | Orc:2    | Found Woathep's Antique Armour Boutique.
  5839 | Orc:2    | Found Inyef's Food Shoppe.
  5919 | Orc:2    | Bought a transparent helmet for 228 gold pieces
  5929 | Orc:2    | Identified the +2 helmet of Foolhardiness {rPois} (You
                  | bought it in a shop on level 2 of the Orcish Mines)
  5948 | Orc:2    | Found Xiwim's Food Shop.
  6113 | Orc:2    | Bought a glowing centaur barding for 624 gold pieces
  6249 | Orc:2    | Found a staircase to the Elven Halls.
  6349 | Orc:2    | Bought a scroll of acquirement for 832 gold pieces
  6349 | Orc:2    | Bought a scroll of enchant weapon for 120 gold pieces
  6349 | Orc:2    | Bought a scroll of noise for 16 gold pieces
  6349 | Orc:2    | Bought a scroll of identify for 32 gold pieces
  6631 | Lair:2   | Found a glowing silver altar of Zin.
  6819 | Lair:2   | HP: 1/102 [komodo dragon (12)]
  6820 | Lair:2   | Mangled by a komodo dragon

Skill      XL: |  1  2  3  4  5  6  7  8  9 10 11 12 13 |
---------------+----------------------------------------+-----
Axes           | 3 4 5 7 8 11 12 14 16 | 16.5
Shields        | 4 |  4.6
Evocations     | 3 |  3.1
Throwing       | 4 |  4.3
Fighting       | 5 6 |  6.2
Dodging        | 2 4 7 |  7.0
Armour         | 2 3 |  3.0

Action                   |  1- 3 |  4- 6 |  7- 9 | 10-12 | 13-15 || total
-------------------------+-------+-------+-------+-------+-------++-------
Melee: Hand axe          |    34 |    84 |   101 |       |       ||   219
       Kick              |     6 |    17 |    94 |   128 |    45 ||   290
       War axe           |       |       |   189 |   243 |       ||   432
       Broad axe         |       |       |       |   108 |   126 ||   234
 Fire: Hunting sling     |       |       |    21 |       |    23 ||    44
Throw: Tomahawk          |       |       |     1 |       |       ||     1
Invok: Berserk           |     2 |     3 |     7 |    16 |     3 ||    31
       Trog's Hand       |       |       |     4 |    12 |     3 ||    19
Evoke: Wand              |       |       |     3 |     6 |       ||     9
  Use: Scroll            |     2 |     5 |     5 |     5 |     3 ||    20
       Potion            |       |     1 |       |     2 |       ||     3
  Eat: Chunk             |       |     3 |    10 |    11 |     2 ||    26
       Ration            |       |       |     1 |     6 |     2 ||     9
Armor: Animal skin       |    11 |    59 |     1 |       |       ||    71
       Ring mail         |       |       |    97 |    77 |       ||   174
       Troll leather arm |       |       |       |    75 |    51 ||   126
Dodge: Dodged            |    15 |    52 |    90 |   110 |    27 ||   294
Block: Buckler           |       |       |    40 |    70 |    16 ||   126
